St.Louis Blues vs Vegas Golden Knights
(R1)
Created - Saturday, November 18, 2023 at 06:30
Goals
|
| St.Louis Blues |
0 |
2 |
0 |
2 |
| Vegas Golden Knights |
2 |
1 |
1 |
4 |
|
Shots
|
| St.Louis Blues |
12 |
13 |
6 |
31 |
| Vegas Golden Knights |
5 |
14 |
7 |
26 |
|
1st period
1. Vegas Golden Knights , Tyler Bertuzzi 16 (Reilly Smith 16, John Marino 14) at 2:24
2. Vegas Golden Knights , Zach Parise 15 (Vince Dunn 25, Lars Eller 3) at 2:54
Penalties :
Travis Hamonic (VGK) for Hooking (Minor) at 5:37, Rickard Rakell (VGK) for Hooking (Minor) at 15:31
2nd period
3. St.Louis Blues , Alex Tuch 16 (Jake Guentzel 36, Elias Pettersson 48) at 1:55 (PP)
4. St.Louis Blues , Robert Thomas 24 (Jack Eichel 28, Alex Pietrangelo 14) at 5:46 (PP)
5. Vegas Golden Knights , Joe Pavelski 22 (Chris Kreider 31, Sean Monahan 35) at 13:24
Penalties :
Vince Dunn (VGK) for Hooking (Minor) at 0:22, Travis Hamonic (VGK) for Hooking (Minor) at 5:28, Mikhail Sergachev (STL) for Tripping (Minor) at 10:04
3rd period
6. Vegas Golden Knights , Reilly Smith 18 (Travis Hamonic 8, Tyler Bertuzzi 27) at 16:59
Penalties :
Mikhail Sergachev (STL) for Hooking (Minor) at 0:56, Andrew Peeke (VGK) for Tripping (Minor) at 6:41, Tyler Bertuzzi (VGK) for Holding (Minor) at 18:20
Goalie Stats
Connor Hellebuyck (STL), 22 saves from 26 shots - (0.846), L, 25-17-4, 60:00 minutes
Philipp Grubauer (VGK), 29 saves from 31 shots - (0.935), W, 9-13-6, 60:00 minutes
Players Stats for St.Louis Blues
Player Name G A P +/- PIM S H SB GA TA FO MP PP MP PK MP
------------------------------------------------------------------------------------
Adam Pelech 0 0 0 -3 0 1 3 0 0 1 0/1 15:58 0:00 1:44
Alex Pietrangelo 0 1 1 -1 0 0 0 0 0 1 0/0 19:55 3:52 0:00
Alex Tuch 1 0 1 -1 0 4 0 1 2 1 0/3 18:28 4:59 0:00
Andrew Copp 0 0 0 0 0 3 0 0 1 0 1/2 11:41 0:06 2:03
Colton Parayko 0 0 0 0 0 0 0 0 0 0 0/0 18:56 0:36 1:44
Elias Pettersson 0 1 1 -1 0 3 3 1 0 0 9/21 19:14 5:26 0:00
Evander Kane 0 0 0 -3 0 0 2 0 0 0 1/1 12:56 4:09 0:00
Jack Eichel 0 1 1 0 0 3 0 0 0 0 5/11 17:44 3:21 0:00
Jake Guentzel 0 1 1 0 0 4 1 0 0 0 0/0 18:37 4:27 0:00
Jake Sanderson 0 0 0 -1 0 1 0 1 0 0 0/0 17:59 0:33 2:14
Lawson Crouse 0 0 0 -3 0 1 1 0 0 0 0/2 12:19 0:44 2:03
Mark Stone 0 0 0 0 0 0 2 2 0 0 0/0 18:55 3:23 0:00
Mikhail Sergachev 0 0 0 0 4 1 2 0 0 0 0/0 19:52 3:49 0:00
Nick Leddy 0 0 0 -3 0 2 1 2 0 1 0/0 17:37 1:42 2:14
Nico Sturm 0 0 0 0 0 1 1 0 0 0 2/3 12:23 0:41 1:55
Robert Thomas 1 0 1 -3 0 4 0 0 0 0 2/10 13:08 4:09 0:00
Tage Thompson 0 0 0 -1 0 0 2 0 0 0 1/1 18:54 5:18 0:00
Yanni Gourde 0 0 0 0 0 3 3 0 0 0 0/0 11:24 0:00 1:55
Players Stats for Vegas Golden Knights
Player Name G A P +/- PIM S H SB GA TA FO MP PP MP PK MP
------------------------------------------------------------------------------------
Andrew Peeke 0 0 0 2 2 1 3 1 0 1 0/0 23:02 0:00 3:03
Chris Kreider 0 1 1 1 0 2 3 0 1 0 1/1 18:48 2:07 0:14
Eric Staal 0 0 0 1 0 1 1 1 0 0 6/8 11:53 0:00 4:34
Joe Pavelski 1 0 1 1 0 1 3 0 0 1 0/1 18:26 1:59 0:11
John Marino 0 1 1 1 0 2 1 3 0 0 0/0 17:53 2:03 2:49
Jordan Staal 0 0 0 0 0 2 0 1 0 0 6/7 15:35 0:00 4:34
Lars Eller 0 1 1 1 0 2 1 0 0 0 6/8 11:47 0:00 4:34
Marc Staal 0 0 0 1 0 0 2 3 0 0 0/0 18:07 0:00 4:59
Marc-Edouard Vlasic 0 0 0 1 0 0 0 0 0 0 0/0 16:32 0:08 4:15
Nikolaj Ehlers 0 0 0 0 0 1 1 1 0 0 2/2 13:26 2:03 0:02
Reilly Smith 1 1 2 2 0 1 1 0 0 0 0/0 14:38 1:55 0:08
Rickard Rakell 0 0 0 0 2 2 1 0 2 0 0/0 13:13 1:51 0:00
Sean Couturier 0 0 0 2 0 0 2 0 1 0 3/5 12:13 0:08 0:00
Sean Monahan 0 1 1 1 0 4 1 1 0 0 10/22 18:12 1:51 0:00
Travis Hamonic 0 1 1 1 4 0 2 1 0 1 0/0 16:23 0:00 3:04
Tyler Bertuzzi 1 1 2 2 2 2 2 0 0 0 0/1 14:01 1:59 0:00
Vince Dunn 0 1 1 2 2 1 2 1 0 0 0/0 22:35 1:55 0:44
Zach Parise 1 0 1 1 0 4 1 0 0 0 0/0 13:43 1:51 4:37
3 Stars
1 - Reilly Smith (VGK)
2 - Tyler Bertuzzi (VGK)
3 - Joe Pavelski (VGK)
Power Play
St.Louis Blues - 2 on 6 Attempt(s) - 33.33%
Vegas Golden Knights - 0 on 2 Attempt(s) - 0.00%
Penalty Kill
St.Louis Blues - 2 on 2 Attempt(s) - 100.00%
- Score 0 goal in Penalty Kill
Vegas Golden Knights - 4 on 6 Attempt(s) - 66.67%
- Score 0 goal in Penalty Kill
Team Stat
St.Louis Blues - Hits : 21 - Faceoff Wins : 21 - Blocked Shots : 7 - Penalty Minutes : 4
Vegas Golden Knights - Hits : 27 - Faceoff Wins : 34 - Blocked Shots : 13 - Penalty Minutes : 12
Official
Referees : Ian Walsh and Kyle Rehman
Linesman : Brandon Gawryletz and Tim Nowak
Game Notes
No Game Note
Finance
Level 1 -- Attendance: 6000 (100.00%) -- Ticket Income $570,000
Level 2 -- Attendance: 4639 (92.78%) -- Ticket Income $255,145
Level 3 -- Attendance: 2952 (98.40%) -- Ticket Income $88,560
Level 4 -- Attendance: 4451 (89.02%) -- Ticket Income $89,020
Luxury Box -- Attendance: 863 (86.30%) -- Ticket Income $163,970
Game was played at the T-Mobile Arena.
Total Attendance: 18905 (94.53%)
Total Ticket Income: $1,166,695
Other Income: $408,343
Total Income: $1,575,038
St.Louis Blues
5 vs 5 Forward
Center Left Wing Right Wing Time % Phy DF OF
1 Elias Pettersson Alex Tuch Tage Thompson 35 0 1 4
2 Jack Eichel Jake Guentzel Mark Stone 30 1 1 3
3 Robert Thomas Lawson Crouse Evander Kane 25 1 2 2
4 Nico Sturm Andrew Copp Yanni Gourde 10 1 3 1
5 vs 5 Defense
Defense Defense Time % Phy DF OF
1 Jake Sanderson Alex Pietrangelo 35 1 2 2
2 Mikhail Sergachev Colton Parayko 33 1 2 2
3 Nick Leddy Adam Pelech 32 1 2 2
4 Jake Sanderson Alex Pietrangelo 0 1 2 2
PowerPlay Forward
Center Left Wing Right Wing Time % Phy DF OF
1 Elias Pettersson Jake Guentzel Tage Thompson 50 0 1 4
2 Robert Thomas Jack Eichel Evander Kane 50 0 1 4
PowerPlay Defense
Defense Defense Time % Phy DF OF
1 Alex Tuch Mikhail Sergachev 50 1 1 3
2 Alex Pietrangelo Mark Stone 50 1 1 3
Penalty Kill 4 Players Forward
Center Wing Time % Phy DF OF
1 Nico Sturm Yanni Gourde 50 1 4 0
2 Andrew Copp Lawson Crouse 50 1 4 0
Penalty Kill 4 Players Defense
Defense Defense Time % Phy DF OF
1 Adam Pelech Colton Parayko 50 1 4 0
2 Jake Sanderson Nick Leddy 50 1 4 0
Penalty Kill - 3 Players Forward
Forward Time % Phy DF OF
1 Nico Sturm 50 0 5 0
2 Andrew Copp 50 0 5 0
Penalty Kill - 3 Players Defense
Defense Defense Time % Phy DF OF
1 Adam Pelech Colton Parayko 50 0 5 0
2 Jake Sanderson Nick Leddy 50 0 5 0
4 vs 4 Forward
Center Wing Time % Phy DF OF
1 Elias Pettersson Tage Thompson 50 0 2 3
2 Robert Thomas Alex Tuch 50 0 2 3
4 vs 4 Defense
Defense Defense Time % Phy DF OF
1 Jake Sanderson Alex Pietrangelo 50 0 3 2
2 Colton Parayko Mikhail Sergachev 50 0 3 2
Last Minutes Offensive
Center Left Wing Right Wing Defense Defense
Robert Thomas Elias Pettersson Tage Thompson Alex Tuch Mikhail Sergachev
Last Minutes Defensive
Center Left Wing Right Wing Defense Defense
Nico Sturm Andrew Copp Yanni Gourde Jake Sanderson Colton Parayko
Goaltenders
Starting : Connor Hellebuyck
Backup : Scott Wedgewood
Extra Forwards
Normal : Nico Sturm, Robert Thomas, Lawson Crouse - PP : Nico Sturm, Robert Thomas - PK : Lawson Crouse
Extra Defensemen
Normal : Nick Leddy, Jake Sanderson, Colton Parayko - PP : Nick Leddy - PK : Jake Sanderson, Colton Parayko
Penalty Shots
Elias Pettersson, Tage Thompson, Alex Tuch, Jack Eichel, Jake Guentzel
Vegas Golden Knights
5 vs 5 Forward
Center Left Wing Right Wing Time % Phy DF OF
1 Sean Monahan Chris Kreider Joe Pavelski 30 1 2 2
2 Jordan Staal Nikolaj Ehlers Rickard Rakell 30 1 2 2
3 Sean Couturier Tyler Bertuzzi Reilly Smith 25 1 2 2
4 Lars Eller Eric Staal Zach Parise 15 1 2 2
5 vs 5 Defense
Defense Defense Time % Phy DF OF
1 Vince Dunn Andrew Peeke 30 1 2 2
2 Marc Staal Travis Hamonic 30 1 2 2
3 Marc-Edouard Vlasic John Marino 25 1 2 2
4 Andrew Peeke Vince Dunn 15 1 2 2
PowerPlay Forward
Center Left Wing Right Wing Time % Phy DF OF
1 Joe Pavelski Chris Kreider Tyler Bertuzzi 50 1 2 2
2 Sean Monahan Rickard Rakell Zach Parise 50 1 2 2
PowerPlay Defense
Defense Defense Time % Phy DF OF
1 Reilly Smith Vince Dunn 50 1 2 2
2 Nikolaj Ehlers John Marino 50 1 2 2
Penalty Kill 4 Players Forward
Center Wing Time % Phy DF OF
1 Lars Eller Zach Parise 50 1 2 2
2 Eric Staal Jordan Staal 50 1 2 2
Penalty Kill 4 Players Defense
Defense Defense Time % Phy DF OF
1 Andrew Peeke Travis Hamonic 50 1 2 2
2 Marc-Edouard Vlasic Marc Staal 50 1 2 2
Penalty Kill - 3 Players Forward
Forward Time % Phy DF OF
1 Lars Eller 50 1 2 2
2 Jordan Staal 50 1 2 2
Penalty Kill - 3 Players Defense
Defense Defense Time % Phy DF OF
1 Andrew Peeke Travis Hamonic 50 1 2 2
2 Eric Staal Marc Staal 50 1 2 2
4 vs 4 Forward
Center Wing Time % Phy DF OF
1 Joe Pavelski Chris Kreider 50 1 2 2
2 Sean Monahan Reilly Smith 50 1 2 2
4 vs 4 Defense
Defense Defense Time % Phy DF OF
1 Andrew Peeke Travis Hamonic 50 1 2 2
2 Vince Dunn John Marino 50 1 2 2
Last Minutes Offensive
Center Left Wing Right Wing Defense Defense
Joe Pavelski Chris Kreider Nikolaj Ehlers Vince Dunn John Marino
Last Minutes Defensive
Center Left Wing Right Wing Defense Defense
Jordan Staal Zach Parise Eric Staal Marc Staal Andrew Peeke
Goaltenders
Starting : Philipp Grubauer
Backup : Alexandar Georgiev
Extra Forwards
Normal : Reilly Smith, Joe Pavelski, Chris Kreider - PP : Zach Parise, Sean Couturier - PK : Reilly Smith
Extra Defensemen
Normal : Marc Staal, Andrew Peeke, Vince Dunn - PP : Travis Hamonic - PK : John Marino, Andrew Peeke
Penalty Shots
Rickard Rakell, Sean Monahan, Zach Parise, Joe Pavelski, Chris Kreider
% Time on Ice - St.Louis Blues
Lines # - Real PCT - Wanted PCT - Time Play
Normal Forward
1 - 28% - 35% - 13:01
2 - 32% - 30% - 14:56
3 - 20% - 25% - 9:09
4 - 20% - 10% - 9:29
Normal Defense
1 - 34% - 35% - 15:44
2 - 37% - 33% - 17:24
3 - 29% - 32% - 13:27
4 - 0% - 0% - 0:00
PP Forward
1 - 56% - 50% - 5:18
2 - 44% - 50% - 4:09
PP Defense
1 - 59% - 50% - 5:35
2 - 41% - 50% - 3:52
PK Forward
1 - 48% - 50% - 1:55
2 - 52% - 50% - 2:03
PK Defense
1 - 44% - 50% - 1:44
2 - 56% - 50% - 2:14
PK3 Forward
1 - 0% - 50%
2 - 0% - 50%
PK3 Defense
1 - 0% - 50%
2 - 0% - 50%
44 Forward
1 - 0% - 50%
2 - 0% - 50%
44 Defense
1 - 0% - 50%
2 - 0% - 50%
Last Minute Offensive - 0:00
Last Minute Defensive - 0:00
Total
Forward - 60:00
Defense - 60:00
|
% Time on Ice - Vegas Golden Knights
Lines # - Real PCT - Wanted PCT - Time Play
Normal Forward
1 - 33% - 30% - 15:36
2 - 25% - 30% - 11:44
3 - 26% - 25% - 12:03
4 - 15% - 15% - 7:12
Normal Defense
1 - 27% - 30% - 12:48
2 - 28% - 30% - 12:50
3 - 28% - 25% - 12:54
4 - 17% - 15% - 8:03
PP Forward
1 - 53% - 50% - 2:07
2 - 47% - 50% - 1:51
PP Defense
1 - 48% - 50% - 1:55
2 - 52% - 50% - 2:03
PK Forward
1 - 50% - 50% - 4:44
2 - 50% - 50% - 4:43
PK Defense
1 - 53% - 50% - 5:01
2 - 47% - 50% - 4:26
PK3 Forward
1 - 0% - 50%
2 - 0% - 50%
PK3 Defense
1 - 0% - 50%
2 - 0% - 50%
44 Forward
1 - 0% - 50%
2 - 0% - 50%
44 Defense
1 - 0% - 50%
2 - 0% - 50%
Last Minute Offensive - 0:00
Last Minute Defensive - 0:00
Total
Forward - 60:00
Defense - 60:00
|
Play-by-Play
1st period
0:01 of 1st period - Sean Monahan wins face-off versus Elias Pettersson in neutral zone.
0:12 of 1st period - Snap shot by Elias Pettersson.
0:12 of 1st period - Shot Misses the Net.
0:30 of 1st period - Backhand shot by Nikolaj Ehlers.
0:30 of 1st period - Shot Misses the Net.
0:36 of 1st period - Snap shot by Jake Guentzel.
0:36 of 1st period - Stopped by Philipp Grubauer with a rebound.
0:43 of 1st period - Icing by Jordan Staal.
0:44 of 1st period - Nikolaj Ehlers wins face-off versus Lawson Crouse in Vegas Golden Knights zone.
1:35 of 1st period - Snap shot by Alex Tuch.
1:35 of 1st period - Stopped by Philipp Grubauer with a rebound.
1:59 of 1st period - Snap shot by Jake Guentzel.
1:59 of 1st period - Shot Blocked by Jordan Staal.
2:24 of 1st period - Wrist shot by Tyler Bertuzzi.
2:24 of 1st period - Goal by Tyler Bertuzzi - St.Louis Blues : 0 - Vegas Golden Knights : 1.
2:25 of 1st period - Elias Pettersson wins face-off versus Sean Couturier in neutral zone.
2:40 of 1st period - Snap shot by Tyler Bertuzzi.
2:40 of 1st period - Deflect By Reilly Smith.
2:40 of 1st period - Shot Misses the Net.
2:40 of 1st period - Puck is out of play.
2:41 of 1st period - Lars Eller wins face-off versus Robert Thomas in St.Louis Blues zone.
2:54 of 1st period - Snap shot by Zach Parise.
2:54 of 1st period - Goal by Zach Parise - St.Louis Blues : 0 - Vegas Golden Knights : 2.
2:55 of 1st period - Chris Kreider wins face-off versus Jack Eichel in neutral zone.
3:29 of 1st period - Slapshot by Nikolaj Ehlers.
3:29 of 1st period - Shot Misses the Net.
3:31 of 1st period - Slapshot by Nikolaj Ehlers.
3:31 of 1st period - Shot Blocked by Jake Sanderson.
3:40 of 1st period - Icing by Jake Sanderson.
3:41 of 1st period - Elias Pettersson wins face-off versus Sean Couturier in St.Louis Blues zone.
3:41 of 1st period - Elias Pettersson is hit by Reilly Smith.
4:55 of 1st period - Slapshot by Vince Dunn.
4:55 of 1st period - Shot Misses the Net.
4:57 of 1st period - Wrist shot by Lars Eller.
4:57 of 1st period - Stopped by Connor Hellebuyck with a rebound.
4:59 of 1st period - Slapshot by Lars Eller.
4:59 of 1st period - Shot Misses the Net.
5:09 of 1st period - Mark Stone is hit by Andrew Peeke and loses puck.
5:37 of 1st period - Minor Penalty to Travis Hamonic for Hooking.
5:38 of 1st period - Elias Pettersson wins face-off versus Lars Eller in Vegas Golden Knights zone.
5:40 of 1st period - Snap shot by Jake Guentzel.
5:40 of 1st period - Deflect By Elias Pettersson.
5:40 of 1st period - Shot Blocked by John Marino.
5:40 of 1st period - Puck is out of play.
5:41 of 1st period - Lars Eller wins face-off versus Elias Pettersson in Vegas Golden Knights zone.
6:10 of 1st period - Slapshot by Zach Parise.
6:10 of 1st period - Shot Misses the Net.
6:12 of 1st period - Wrist shot by Lars Eller.
6:12 of 1st period - Stopped by Connor Hellebuyck without a rebound.
6:13 of 1st period - Lars Eller wins face-off versus Robert Thomas in St.Louis Blues zone.
6:47 of 1st period - Off-side.
6:48 of 1st period - Eric Staal wins face-off versus Elias Pettersson in neutral zone.
6:57 of 1st period - Snap shot by Elias Pettersson.
6:57 of 1st period - Shot Misses the Net.
6:59 of 1st period - Slapshot by Alex Tuch.
6:59 of 1st period - Shot Blocked by Andrew Peeke.
7:01 of 1st period - Snap shot by Elias Pettersson.
7:01 of 1st period - Shot Blocked by John Marino.
7:03 of 1st period - Wrist shot by Tage Thompson.
7:03 of 1st period - Shot Blocked by John Marino.
7:05 of 1st period - Slapshot by Elias Pettersson.
7:05 of 1st period - Stopped by Philipp Grubauer with a rebound.
7:37 of 1st period - Penalty to Travis Hamonic is over, Travis Hamonic is back on ice.
7:43 of 1st period - Slapshot by Mark Stone.
7:43 of 1st period - Shot Hit the Post.
7:45 of 1st period - Snap shot by Nico Sturm.
7:45 of 1st period - Stopped by Philipp Grubauer with a rebound.
8:09 of 1st period - Marc Staal is hit by Evander Kane and loses puck.
9:12 of 1st period - Colton Parayko is hit by Marc Staal and loses puck.
9:19 of 1st period - Snap shot by Nikolaj Ehlers.
9:19 of 1st period - Shot Misses the Net.
9:34 of 1st period - Icing by Andrew Peeke.
9:35 of 1st period - Sean Couturier wins face-off versus Nico Sturm in Vegas Golden Knights zone.
9:52 of 1st period - Andrew Copp is hit by Sean Couturier and loses puck.
10:01 of 1st period - Marc-Edouard Vlasic is hit by Nico Sturm.
10:30 of 1st period - Snap shot by Andrew Copp.
10:30 of 1st period - Shot Misses the Net.
10:36 of 1st period - Alex Pietrangelo is hit by Andrew Peeke and loses puck.
11:51 of 1st period - Snap shot by Andrew Copp.
11:51 of 1st period - Deflect By Yanni Gourde.
11:51 of 1st period - Stopped by Philipp Grubauer with a rebound.
11:53 of 1st period - Wrist shot by Nico Sturm.
11:53 of 1st period - Shot Misses the Net.
11:55 of 1st period - Slapshot by Jake Sanderson.
11:55 of 1st period - Deflect By Tyler Bertuzzi.
11:55 of 1st period - Stopped by Philipp Grubauer with a rebound.
12:05 of 1st period - Wrist shot by Andrew Copp.
12:05 of 1st period - Stopped by Philipp Grubauer with a rebound.
12:07 of 1st period - Wrist shot by Andrew Copp.
12:07 of 1st period - Shot Misses the Net.
12:15 of 1st period - Snap shot by Andrew Copp.
12:15 of 1st period - Shot Misses the Net.
12:17 of 1st period - Snap shot by Andrew Copp.
12:17 of 1st period - Stopped by Philipp Grubauer with a rebound.
12:19 of 1st period - Wrist shot by Nico Sturm.
12:19 of 1st period - Shot Misses the Net.
12:37 of 1st period - Wrist shot by Yanni Gourde.
12:37 of 1st period - Stopped by Philipp Grubauer with a rebound.
13:29 of 1st period - Wrist shot by Tyler Bertuzzi.
13:29 of 1st period - Stopped by Connor Hellebuyck with a rebound.
14:23 of 1st period - Sean Couturier is hit by Yanni Gourde and loses puck.
14:32 of 1st period - Wrist shot by Yanni Gourde.
14:32 of 1st period - Stopped by Philipp Grubauer without a rebound.
14:33 of 1st period - Jordan Staal wins face-off versus Elias Pettersson in Vegas Golden Knights zone.
14:38 of 1st period - Adam Pelech is hit by Rickard Rakell and loses puck.
15:05 of 1st period - Wrist shot by Jake Guentzel.
15:05 of 1st period - Stopped by Philipp Grubauer with a rebound.
15:07 of 1st period - Snap shot by Nick Leddy.
15:07 of 1st period - Stopped by Philipp Grubauer without a rebound.
15:08 of 1st period - Jordan Staal wins face-off versus Jack Eichel in Vegas Golden Knights zone.
15:31 of 1st period - Minor Penalty to Rickard Rakell for Hooking.
15:32 of 1st period - Robert Thomas wins face-off versus Eric Staal in Vegas Golden Knights zone.
15:37 of 1st period - Wrist shot by Jack Eichel.
15:37 of 1st period - Shot Blocked by Travis Hamonic.
15:39 of 1st period - Snap shot by Jack Eichel.
15:39 of 1st period - Shot Blocked by Eric Staal.
15:59 of 1st period - Tage Thompson is hit by Travis Hamonic and loses puck.
17:31 of 1st period - Penalty to Rickard Rakell is over, Rickard Rakell is back on ice.
18:07 of 1st period - Wrist shot by Chris Kreider.
18:07 of 1st period - Shot Misses the Net.
19:10 of 1st period - Icing by Colton Parayko.
19:11 of 1st period - Lars Eller wins face-off versus Adam Pelech in St.Louis Blues zone.
Goals for this period are 0 for St.Louis Blues vs 2 for Vegas Golden Knights.
Shots for this period are 12 for St.Louis Blues vs 5 for Vegas Golden Knights.
2nd period
0:01 of 2nd period - Elias Pettersson wins face-off versus Sean Monahan in neutral zone.
0:01 of 2nd period - Alex Tuch is hit by Joe Pavelski and loses puck.
0:06 of 2nd period - Alex Tuch is hit by Andrew Peeke.
0:22 of 2nd period - Minor Penalty to Vince Dunn for Hooking.
0:23 of 2nd period - Lars Eller wins face-off versus Elias Pettersson in Vegas Golden Knights zone.
0:31 of 2nd period - Icing by Mark Stone.
0:32 of 2nd period - Eric Staal wins face-off versus Elias Pettersson in St.Louis Blues zone.
1:17 of 2nd period - Icing by Elias Pettersson.
1:18 of 2nd period - Eric Staal wins face-off versus Elias Pettersson in St.Louis Blues zone.
1:19 of 2nd period - Snap shot by Jordan Staal.
1:19 of 2nd period - Stopped by Connor Hellebuyck with a rebound.
1:49 of 2nd period - Snap shot by Jake Guentzel.
1:49 of 2nd period - Stopped by Philipp Grubauer with a rebound.
1:51 of 2nd period - Snap shot by Alex Tuch.
1:51 of 2nd period - Shot Misses the Net.
1:53 of 2nd period - Wrist shot by Jake Guentzel.
1:53 of 2nd period - Shot Blocked by Marc Staal.
1:55 of 2nd period - Slapshot by Alex Tuch.
1:55 of 2nd period - Goal by Alex Tuch - St.Louis Blues : 1 - Vegas Golden Knights : 2.
1:56 of 2nd period - Sean Monahan wins face-off versus Robert Thomas in neutral zone.
2:05 of 2nd period - Slapshot by Joe Pavelski.
2:05 of 2nd period - Shot Misses the Net.
2:11 of 2nd period - Snap shot by Lawson Crouse.
2:11 of 2nd period - Shot Blocked by Vince Dunn.
2:23 of 2nd period - Nick Leddy is hit by Vince Dunn and loses puck.
2:41 of 2nd period - Icing by Jordan Staal.
2:42 of 2nd period - Eric Staal wins face-off versus Jack Eichel in Vegas Golden Knights zone.
2:49 of 2nd period - Mikhail Sergachev is hit by Eric Staal and loses puck.
2:58 of 2nd period - Wrist shot by Zach Parise.
2:58 of 2nd period - Stopped by Connor Hellebuyck without a rebound.
2:59 of 2nd period - Elias Pettersson wins face-off versus Sean Monahan in St.Louis Blues zone.
3:06 of 2nd period - Wrist shot by Elias Pettersson.
3:06 of 2nd period - Stopped by Philipp Grubauer with a rebound.
3:26 of 2nd period - Jordan Staal is hit by Adam Pelech and loses puck.
3:58 of 2nd period - Marc-Edouard Vlasic is hit by Adam Pelech and loses puck.
5:03 of 2nd period - Slapshot by Jack Eichel.
5:03 of 2nd period - Stopped by Philipp Grubauer with a rebound.
5:13 of 2nd period - Reilly Smith is hit by Yanni Gourde and loses puck.
5:22 of 2nd period - Snap shot by Yanni Gourde.
5:22 of 2nd period - Shot Misses the Net.
5:28 of 2nd period - Minor Penalty to Travis Hamonic for Hooking.
5:29 of 2nd period - Lars Eller wins face-off versus Robert Thomas in Vegas Golden Knights zone.
5:46 of 2nd period - Snap shot by Robert Thomas.
5:46 of 2nd period - Goal by Robert Thomas - St.Louis Blues : 2 - Vegas Golden Knights : 2.
5:47 of 2nd period - Elias Pettersson wins face-off versus Sean Monahan in neutral zone.
6:23 of 2nd period - Andrew Peeke is hit by Jake Guentzel and loses puck.
6:36 of 2nd period - Snap shot by Robert Thomas.
6:36 of 2nd period - Shot Misses the Net.
6:38 of 2nd period - Slapshot by Nick Leddy.
6:38 of 2nd period - Shot Blocked by Marc Staal.
6:40 of 2nd period - Wrist shot by Evander Kane.
6:40 of 2nd period - Shot Misses the Net.
7:03 of 2nd period - Off-side.
7:04 of 2nd period - Sean Monahan wins face-off versus Elias Pettersson in neutral zone.
7:11 of 2nd period - Wrist shot by Chris Kreider.
7:11 of 2nd period - Shot Blocked by Alex Tuch.
7:19 of 2nd period - Wrist shot by Alex Tuch.
7:19 of 2nd period - Shot Blocked by Sean Monahan.
7:21 of 2nd period - Backhand shot by Colton Parayko.
7:21 of 2nd period - Deflect By Elias Pettersson.
7:21 of 2nd period - Shot Misses the Net.
7:21 of 2nd period - Puck is out of play.
7:22 of 2nd period - Jordan Staal wins face-off versus Jack Eichel in Vegas Golden Knights zone.
7:47 of 2nd period - Sean Monahan is hit by Elias Pettersson and loses puck.
7:56 of 2nd period - Slapshot by Sean Monahan.
7:56 of 2nd period - Shot Misses the Net.
7:58 of 2nd period - Snap shot by Sean Monahan.
7:58 of 2nd period - Stopped by Connor Hellebuyck without a rebound.
7:59 of 2nd period - Nikolaj Ehlers wins face-off versus Elias Pettersson in St.Louis Blues zone.
8:28 of 2nd period - Travis Hamonic is hit by Adam Pelech and loses puck.
8:35 of 2nd period - Wrist shot by Sean Monahan.
8:35 of 2nd period - Stopped by Connor Hellebuyck with a rebound.
8:37 of 2nd period - Slapshot by Marc Staal.
8:37 of 2nd period - Shot Misses the Net.
9:18 of 2nd period - Reilly Smith is hit by Elias Pettersson and loses puck.
9:53 of 2nd period - Off-side.
9:54 of 2nd period - Sean Monahan wins face-off versus Jack Eichel in neutral zone.
10:04 of 2nd period - Minor Penalty to Mikhail Sergachev for Tripping.
10:05 of 2nd period - Nico Sturm wins face-off versus Tyler Bertuzzi in St.Louis Blues zone.
10:12 of 2nd period - Icing by Chris Kreider.
10:13 of 2nd period - Andrew Copp wins face-off versus Joe Pavelski in Vegas Golden Knights zone.
10:16 of 2nd period - Slapshot by Andrew Copp.
10:16 of 2nd period - Stopped by Philipp Grubauer with a rebound.
10:18 of 2nd period - Slapshot by Adam Pelech.
10:18 of 2nd period - Stopped by Philipp Grubauer without a rebound.
10:19 of 2nd period - Sean Monahan wins face-off versus Andrew Copp in Vegas Golden Knights zone.
10:53 of 2nd period - Snap shot by Joe Pavelski.
10:53 of 2nd period - Shot Blocked by Nick Leddy.
10:55 of 2nd period - Snap shot by Chris Kreider.
10:55 of 2nd period - Shot Blocked by Nick Leddy.
11:11 of 2nd period - Snap shot by Nico Sturm.
11:11 of 2nd period - Shot Blocked by Nikolaj Ehlers.
11:55 of 2nd period - Vince Dunn is hit by Lawson Crouse and loses puck.
12:03 of 2nd period - Icing by Tyler Bertuzzi.
12:04 of 2nd period - Penalty to Mikhail Sergachev is over, Mikhail Sergachev is back on ice.
12:04 of 2nd period - Sean Monahan wins face-off versus Alex Tuch in Vegas Golden Knights zone.
13:01 of 2nd period - Snap shot by Robert Thomas.
13:01 of 2nd period - Stopped by Philipp Grubauer without a rebound.
13:02 of 2nd period - Sean Monahan wins face-off versus Robert Thomas in Vegas Golden Knights zone.
13:07 of 2nd period - Snap shot by Robert Thomas.
13:07 of 2nd period - Stopped by Philipp Grubauer with a rebound.
13:09 of 2nd period - Snap shot by Lawson Crouse.
13:09 of 2nd period - Stopped by Philipp Grubauer with a rebound.
13:11 of 2nd period - Wrist shot by Robert Thomas.
13:11 of 2nd period - Stopped by Philipp Grubauer without a rebound.
13:12 of 2nd period - Sean Monahan wins face-off versus Alex Tuch in Vegas Golden Knights zone.
13:12 of 2nd period - Sean Monahan is hit by Tage Thompson.
13:18 of 2nd period - Slapshot by Chris Kreider.
13:18 of 2nd period - Stopped by Connor Hellebuyck without a rebound.
13:19 of 2nd period - Sean Monahan wins face-off versus Elias Pettersson in St.Louis Blues zone.
13:24 of 2nd period - Snap shot by Joe Pavelski.
13:24 of 2nd period - Goal by Joe Pavelski - St.Louis Blues : 2 - Vegas Golden Knights : 3.
13:25 of 2nd period - Tage Thompson wins face-off versus Sean Monahan in neutral zone.
13:51 of 2nd period - Elias Pettersson is hit by Vince Dunn and loses puck.
13:58 of 2nd period - Wrist shot by Zach Parise.
13:58 of 2nd period - Stopped by Connor Hellebuyck with a rebound.
14:38 of 2nd period - Wrist shot by Jack Eichel.
14:38 of 2nd period - Shot Misses the Net.
16:11 of 2nd period - Wrist shot by Reilly Smith.
16:11 of 2nd period - Shot Misses the Net.
16:13 of 2nd period - Slapshot by Andrew Peeke.
16:13 of 2nd period - Stopped by Connor Hellebuyck without a rebound.
16:14 of 2nd period - Jack Eichel wins face-off versus Sean Monahan in St.Louis Blues zone.
16:46 of 2nd period - Snap shot by Rickard Rakell.
16:46 of 2nd period - Stopped by Connor Hellebuyck without a rebound.
16:47 of 2nd period - Jordan Staal wins face-off versus Elias Pettersson in St.Louis Blues zone.
16:48 of 2nd period - Wrist shot by Rickard Rakell.
16:48 of 2nd period - Shot Misses the Net.
16:50 of 2nd period - Snap shot by Jordan Staal.
16:50 of 2nd period - Stopped by Connor Hellebuyck with a rebound.
16:52 of 2nd period - Snap shot by Nikolaj Ehlers.
16:52 of 2nd period - Stopped by Connor Hellebuyck with a rebound.
16:54 of 2nd period - Wrist shot by Nikolaj Ehlers.
16:54 of 2nd period - Shot Blocked by Elias Pettersson.
16:58 of 2nd period - Wrist shot by Nikolaj Ehlers.
16:58 of 2nd period - Deflect By Rickard Rakell.
16:58 of 2nd period - Stopped by Connor Hellebuyck without a rebound.
16:59 of 2nd period - Elias Pettersson wins face-off versus Sean Monahan in St.Louis Blues zone.
17:10 of 2nd period - Wrist shot by Alex Tuch.
17:10 of 2nd period - Shot Misses the Net.
17:12 of 2nd period - Snap shot by Alex Tuch.
17:12 of 2nd period - Stopped by Philipp Grubauer with a rebound.
17:26 of 2nd period - Lawson Crouse is hit by Nikolaj Ehlers and loses puck.
18:00 of 2nd period - Snap shot by Jake Guentzel.
18:00 of 2nd period - Deflect By Mark Stone.
18:00 of 2nd period - Shot Blocked by Marc Staal.
18:00 of 2nd period - Puck is out of play.
18:01 of 2nd period - Sean Monahan wins face-off versus Alex Tuch in Vegas Golden Knights zone.
18:05 of 2nd period - Vince Dunn is hit by Tage Thompson and loses puck.
18:17 of 2nd period - Icing by Andrew Peeke.
18:18 of 2nd period - Jack Eichel wins face-off versus Sean Monahan in Vegas Golden Knights zone.
18:19 of 2nd period - Snap shot by Mark Stone.
18:19 of 2nd period - Shot Misses the Net.
18:27 of 2nd period - Wrist shot by Chris Kreider.
18:27 of 2nd period - Shot Blocked by Mark Stone.
18:37 of 2nd period - Snap shot by Chris Kreider.
18:37 of 2nd period - Stopped by Connor Hellebuyck with a rebound.
18:39 of 2nd period - Backhand shot by Joe Pavelski.
18:39 of 2nd period - Shot Misses the Net.
18:41 of 2nd period - Wrist shot by Joe Pavelski.
18:41 of 2nd period - Shot Misses the Net.
18:47 of 2nd period - Wrist shot by Chris Kreider.
18:47 of 2nd period - Shot Blocked by Mark Stone.
18:49 of 2nd period - Wrist shot by Vince Dunn.
18:49 of 2nd period - Stopped by Connor Hellebuyck with a rebound.
19:03 of 2nd period - Wrist shot by Jack Eichel.
19:03 of 2nd period - Stopped by Philipp Grubauer without a rebound.
19:04 of 2nd period - Jordan Staal wins face-off versus Elias Pettersson in Vegas Golden Knights zone.
19:31 of 2nd period - Alex Pietrangelo is hit by Travis Hamonic and loses puck.
Goals for this period are 2 for St.Louis Blues vs 1 for Vegas Golden Knights.
Shots for this period are 13 for St.Louis Blues vs 14 for Vegas Golden Knights.
3rd period
0:01 of 3rd period - Elias Pettersson wins face-off versus Sean Monahan in neutral zone.
0:14 of 3rd period - Snap shot by Elias Pettersson.
0:14 of 3rd period - Stopped by Philipp Grubauer with a rebound.
0:16 of 3rd period - Slapshot by Nick Leddy.
0:16 of 3rd period - Stopped by Philipp Grubauer without a rebound.
0:17 of 3rd period - Robert Thomas wins face-off versus Jordan Staal in Vegas Golden Knights zone.
0:26 of 3rd period - Nikolaj Ehlers is hit by Mikhail Sergachev and loses puck.
0:56 of 3rd period - Minor Penalty to Mikhail Sergachev for Hooking.
0:57 of 3rd period - Nico Sturm wins face-off versus Sean Monahan in St.Louis Blues zone.
1:33 of 3rd period - Adam Pelech is hit by Chris Kreider and loses puck.
2:56 of 3rd period - Penalty to Mikhail Sergachev is over, Mikhail Sergachev is back on ice.
3:29 of 3rd period - Slapshot by Jake Guentzel.
3:29 of 3rd period - Stopped by Philipp Grubauer with a rebound.
3:41 of 3rd period - Lars Eller is hit by Elias Pettersson.
4:34 of 3rd period - Marc-Edouard Vlasic is hit by Yanni Gourde and loses puck.
5:00 of 3rd period - Rickard Rakell is hit by Nick Leddy and loses puck.
5:22 of 3rd period - Lawson Crouse is hit by Chris Kreider and loses puck.
5:33 of 3rd period - Andrew Copp is hit by Tyler Bertuzzi.
6:05 of 3rd period - Alex Tuch is hit by Tyler Bertuzzi and loses puck.
6:36 of 3rd period - Off-side.
6:37 of 3rd period - Jack Eichel wins face-off versus Sean Monahan in neutral zone.
6:41 of 3rd period - Minor Penalty to Andrew Peeke for Tripping.
6:42 of 3rd period - Eric Staal wins face-off versus Robert Thomas in Vegas Golden Knights zone.
7:09 of 3rd period - Marc-Edouard Vlasic is hit by Mark Stone and loses puck.
7:56 of 3rd period - Elias Pettersson is hit by John Marino and loses puck.
8:41 of 3rd period - Penalty to Andrew Peeke is over, Andrew Peeke is back on ice.
9:19 of 3rd period - Slapshot by Sean Monahan.
9:19 of 3rd period - Stopped by Connor Hellebuyck with a rebound.
9:51 of 3rd period - Nikolaj Ehlers is hit by Evander Kane and loses puck.
11:17 of 3rd period - Wrist shot by Eric Staal.
11:17 of 3rd period - Stopped by Connor Hellebuyck without a rebound.
11:18 of 3rd period - Evander Kane wins face-off versus Lars Eller in St.Louis Blues zone.
11:18 of 3rd period - Evander Kane is hit by Lars Eller.
11:35 of 3rd period - Off-side.
11:36 of 3rd period - Jordan Staal wins face-off versus Jack Eichel in neutral zone.
12:03 of 3rd period - Jake Sanderson is hit by Joe Pavelski and loses puck.
12:26 of 3rd period - Alex Pietrangelo is hit by Zach Parise and loses puck.
12:33 of 3rd period - Snap shot by Zach Parise.
12:33 of 3rd period - Stopped by Connor Hellebuyck with a rebound.
12:35 of 3rd period - Slapshot by John Marino.
12:35 of 3rd period - Stopped by Connor Hellebuyck without a rebound.
12:36 of 3rd period - Jack Eichel wins face-off versus Sean Monahan in St.Louis Blues zone.
12:36 of 3rd period - Jack Eichel is hit by Joe Pavelski.
12:42 of 3rd period - Slapshot by Jake Guentzel.
12:42 of 3rd period - Deflect By Jack Eichel.
12:42 of 3rd period - Stopped by Philipp Grubauer with a rebound.
12:44 of 3rd period - Snap shot by Colton Parayko.
12:44 of 3rd period - Deflect By Jake Guentzel.
12:44 of 3rd period - Shot Misses the Net.
12:44 of 3rd period - Puck is out of play.
12:45 of 3rd period - Jack Eichel wins face-off versus Sean Monahan in Vegas Golden Knights zone.
13:19 of 3rd period - Wrist shot by Chris Kreider.
13:19 of 3rd period - Shot Misses the Net.
13:25 of 3rd period - Jack Eichel is hit by Chris Kreider.
14:04 of 3rd period - Vince Dunn is hit by Mikhail Sergachev and loses puck.
14:13 of 3rd period - Sean Monahan is hit by Mark Stone and loses puck.
14:28 of 3rd period - Wrist shot by Sean Monahan.
14:28 of 3rd period - Shot Misses the Net.
14:54 of 3rd period - Mark Stone is hit by Sean Monahan.
15:38 of 3rd period - Slapshot by Vince Dunn.
15:38 of 3rd period - Deflect By Sean Monahan.
15:38 of 3rd period - Stopped by Connor Hellebuyck with a rebound.
15:58 of 3rd period - Snap shot by Jake Guentzel.
15:58 of 3rd period - Shot Misses the Net.
16:49 of 3rd period - Slapshot by Mikhail Sergachev.
16:49 of 3rd period - Stopped by Philipp Grubauer without a rebound.
16:50 of 3rd period - Sean Couturier wins face-off versus Lawson Crouse in Vegas Golden Knights zone.
16:59 of 3rd period - Snap shot by Reilly Smith.
16:59 of 3rd period - Goal by Reilly Smith - St.Louis Blues : 2 - Vegas Golden Knights : 4.
17:00 of 3rd period - Sean Couturier wins face-off versus Robert Thomas in neutral zone.
17:07 of 3rd period - Nick Leddy is hit by Sean Couturier and loses puck.
17:35 of 3rd period - Wrist shot by Alex Tuch.
17:35 of 3rd period - Stopped by Philipp Grubauer without a rebound.
17:36 of 3rd period - Eric Staal wins face-off versus Robert Thomas in Vegas Golden Knights zone.
17:50 of 3rd period - Slapshot by Zach Parise.
17:50 of 3rd period - Shot Misses the Net.
17:52 of 3rd period - Slapshot by John Marino.
17:52 of 3rd period - Stopped by Connor Hellebuyck with a rebound.
18:20 of 3rd period - Minor Penalty to Tyler Bertuzzi for Holding.
18:21 of 3rd period - Elias Pettersson wins face-off versus Eric Staal in Vegas Golden Knights zone.
18:36 of 3rd period - Snap shot by Elias Pettersson.
18:36 of 3rd period - Shot Misses the Net.
19:18 of 3rd period - Tage Thompson is hit by Marc Staal and loses puck.
Goals for this period are 0 for St.Louis Blues vs 1 for Vegas Golden Knights.
Shots for this period are 6 for St.Louis Blues vs 7 for Vegas Golden Knights.
Back to the Top